 Dungeon Crawl Stone Soup version 0.27.1-4-g1640c2035a (webtiles) character file.

Game seed: 5983624504311459766

137 tizbic2 the Stinger (level 5, -1/32 HPs)
             Began as an Octopode Venom Mage on Nov 14, 2021.
             Slain by an orc wizard (2 damage)
             ... on level 3 of the Dungeon.
             The game lasted 00:18:14 (3238 turns).

tizbic2 the Stinger (Octopode Venom Mage)           Turns: 3238, Time: 00:18:15

Health: -1/32      AC:  1    Str:  7    XL:     5   Next: 20%
Magic:  8/8        EV: 13    Int: 17    God:
Gold:   88         SH:  5    Dex: 14    Spells: 5/8 levels left

rFire    + . .     SeeInvis .   e - +3 short sword (protect)
rCold    + . .     Faith    .   (no shield)
rNeg     . . .     Spirit   .   (helmet restricted)
rPois    +         Reflect  +   l - amulet of reflection
rElec    +         Harm     .   (no ring)
rCorr    +         Rampage  .   (no ring)
Will     .....                  (no ring)
Stlth    +++.......             (no ring)
HPRegen  0.10/turn              (no ring)
MPRegen  0.11/turn              (no ring)
                                (no ring)
                                (no ring)

@: mighty, resistant
A: almost no armour, amphibious, 8 rings, camouflage 1, gelatinous body 1,
(nimble swimmer 1), tentacles
a: no special abilities


You were on level 3 of the Dungeon.
You visited 1 branch of the dungeon, and saw 3 of its levels.

You collected 88 gold pieces.

Inventory:

Hand Weapons
 e - a +3 short sword of protection (weapon)
Missiles
 a - 90 stones
 g - a throwing net
Magical Staves
 c - a staff of death
 j - a staff of fire
Jewellery
 l - an amulet of reflection (around mantle)
Scrolls
 m - a scroll of blinking
Potions
 b - 3 potions of might


   Skills:
 + Level 0.4 Fighting
 - Level 0.5 Short Blades
 * Level 1.3 Staves
 * Level 2.8 Dodging
 + Level 3.9 Stealth
 + Level 2.3 Spellcasting
 * Level 0.3 Necromancy
 + Level 1.2 Transmutations
 + Level 4.2 Poison Magic
 * Level 1.6 Evocations


You had 5 spell levels left.
You knew the following spells:

 Your Spells              Type           Power      Damage    Failure   Level
a - Sting                 Tmut/Pois      44%        1d5       6%          1
b - Corona                Hex            2%         N/A       19%         1
c - Pain                  Necr           12%        1d4       16%         1

Your spell library contained the following spells:

 Spells                   Type           Power      Damage    Failure   Level
 Poisonous Vapours        Pois/Air       18%        N/A       12%         2
 Animate Skeleton         Necr           6%         N/A       16%         1
 Apportation              Tloc           4%         N/A       19%         1
 Summon Small Mammal      Summ           8%         N/A       19%         1
 Slow                     Hex            2%         N/A       28%         2
 Mephitic Cloud           Conj/Pois/Air  6%         N/A       30%         3
 Olgreb's Toxic Radiance  Pois           16%        N/A       32%         4
 Vampiric Draining        Necr           1%         2d6       43%         3
 Confusing Touch          Hex            2%         N/A       50%         3
 Agony                    Necr           3%         N/A       99%         5
 Excruciating Wounds      Necr           1%         N/A       99%         5


Dungeon Overview and Level Annotations

Branches:
Dungeon (3/15)

Altars:


Innate Abilities, Weirdness & Mutations

You cannot wear most types of armour.
You are amphibious.
You can wear up to eight rings at the same time.
Your skin changes colour to match your surroundings (Stealth+).
Your rubbery body absorbs attacks. (AC +1, EV +1)
((You are camouflaged near water. (Stealth+)))
You have tentacles for arms and can constrict up to eight enemies at once.


Message History

The orc is severely wounded.
You constrict the orc, but do no damage.
You block the orc's attack.
The orc wizard mumbles some strange words.
The orc wizard flickers and vanishes!
Deactivating autopickup; reactivate with Ctrl-A.
You barely miss the orc. You squeeze the orc.
You kill the orc!
You closely miss the orc. Your grab misses the orc.
The orc hits you with a +0 club.
You hit the orc but do no damage. You grab the orc. You constrict the orc.
You block the orc's attack.
It was a potion of might.
You feel very mighty all of a sudden.
You constrict the orc. You block the orc's attack.
You hit the orc!
You kill the orc!
A magic dart appears from out of thin air!
The magic dart hits you! Something hits you.
You see here a +0 club.
You closely miss something. Something hits you.
Something completely misses you.
You miss something. You block something's attack.
You hit something.
You hear some strange, mumbled words.
A magic dart appears from out of thin air!
The magic dart hits you!
* * * LOW HITPOINT WARNING * * *
It was a potion of resistance.
You feel protected. Something hits you.
* * * LOW HITPOINT WARNING * * *
Your +3 short sword of protection hums with potential!
e - a +3 short sword of protection (weapon)
You miss something. Something barely misses you.
You miss something. Something hits you but does no damage. Something hits you.
* * * LOW HITPOINT WARNING * * *
You closely miss something. Your squeeze misses something. Something hits you.
You die...

. ###....# #.#
.#### #..#)# #.#
....#####).#.###.#
...........#.....#
.##.#...#######..#
#.#.#....#.....#
#.#.###..#.###.#
#.#.# ..#. #.#
#†#.###.... #@#
#.......#.####{##
###.#####.# #.o.#
## #.# #....# .#
#.# #....# .####.#
...##.# ....†.#
###. .# .###### ..
.# .# ### .#


You could see an orc.

Vanquished Creatures
  An iguana (D:2)
  4 gnolls (D:2)
  2 adders (D:2)
  A worm (D:3)
  3 dart slugs (D:1)
  3 orcs (D:3)
  5 endoplasms
  A giant cockroach (D:2)
  A goblin (D:1)
  2 hobgoblins
  2 quokkas
  3 ball pythons
  5 bats
  4 frilled lizards
  7 kobolds
  4 rats
48 creatures vanquished.

Notes
Turn   | Place    | Note
-------+----------+-------------------------------------------
     0 | D:1      | tizbic2 the Octopode Venom Mage began the quest for the
                  | Orb.
     0 | D:1      | Reached XP level 1. HP: 11/11 MP: 3/3
   692 | D:1      | Reached XP level 2. HP: 10/17 MP: 5/5
   861 | D:1      | Reached skill level 4 in Poison Magic
  1895 | D:2      | Reached XP level 3. HP: 21/21 MP: 6/6
  1943 | D:2      | Noticed a black bear
  2016 | D:2      | Reached skill level 1 in Evocations
  2020 | D:2      | Reached XP level 4. HP: 22/27 MP: 7/7
  2367 | D:2      | Reached skill level 1 in Staves
  2505 | D:2      | Learned a level 1 spell: Corona
  2652 | D:2      | Learned a level 1 spell: Pain
  2855 | D:3      | Reached XP level 5. HP: 32/32 MP: 8/8
  3237 | D:3      | HP: 1/32 [something (1)]
  3238 | D:3      | Slain by an orc wizard

Illustrated notes

Levels and vault maps discovered:
D:1:      ncdulo_lavacross, layout_basic
D:2:      minmay_spotlight, layout_loops_corners, minmay_splitting_lines
D:3:      layout_loops_ring, minmay_bisected

Skill      XL: |  1  2  3  4 |
---------------+-------------+-----
Poison Magic   | 4 |  4.2
Stealth        | 3 |  3.9
Evocations     | 1 |  1.6
Staves         | 1 |  1.3
Fighting       | |  0.4
Short Blades   | |  0.5
Dodging        | |  2.8
Spellcasting   | |  2.3
Necromancy     | |  0.3
Transmutations | |  1.2

Action                   |  1- 3 |  4- 6 || total
-------------------------+-------+-------++-------
Melee: Unarmed           |     7 |       ||     7
       Staff             |    21 |    32 ||    53
       Constrict         |    10 |    13 ||    23
       Short sword       |    14 |    25 ||    39
       Tentacles         |     5 |     8 ||    13
 Cast: Sting             |    10 |       ||    10
       Pain              |       |    10 ||    10
       Corona            |       |     4 ||     4
  Use: Scroll            |     1 |     4 ||     5
       Potion            |       |     2 ||     2
 Stab: Sleeping          |     5 |    11 ||    16
       Distracted        |     1 |       ||     1
Armor: Skin              |     6 |     2 ||     8
Dodge: Dodged            |    35 |    29 ||    64
Block: Other             |       |    10 ||    10
